 Dungeon Crawl Stone Soup version 0.31.0-11-ge490571c62 (webtiles) character file.

Game seed: 12723519196233025306

17609 stipulation the Artisan of Death (level 12, -5/51 HPs)
             Began as a Vine Stalker Necromancer on Jan 27, 2024.
             Was a Priest of Kikubaaqudgha.
             Slain by a cane toad (17 damage)
             ... on level 3 of the Lair of Beasts.
             The game lasted 00:40:24 (16562 turns).

stipulation the Artisan of Death (VSNe)            Turns: 16562, Time: 00:40:25

Health: -5/51      AC: 11    Str: 10    XL:     12   Next: 49%
Magic:  0/29       EV: 12    Int: 21    God:    Kikubaaqudgha [***...]
Gold:   795        SH:  0    Dex: 22    Spells: 15/35 levels left

rFire   + . .        d - +0 dagger
rCold   + . .        (no shield)
rNeg    + + .        C - +2 robe {rC+ rF+}
rPois   .            A - +2 helmet "Byvuysal" {Int+2 SInv}
rElec   .            (no cloak)
rCorr   +            c - +3 pair of gloves of Too Many Cooks {rCorr Dex+5}
SInv    +            (no boots)
Will    +....        x - amulet of magic regeneration
Stlth   +++          a - ring of positive energy
HPRegen 1.08/turn    L - ring of positive energy
MPRegen 0.61/turn

%: guardian spirit
@: lethally poisoned (-5 -> -14), animating dead (expiring)
A: fangs 3, regeneration 1, magic shield, antimagic bite, no potion heal 2
a: Renounce Religion, Unearth Wretches


You were on level 3 of the Lair of Beasts.
You worshipped Kikubaaqudgha.
Kikubaaqudgha was most pleased with you.
You visited 3 branches of the dungeon, and saw 15 of its levels.

You collected 795 gold pieces.

Inventory:

Hand Weapons
 d - a +0 dagger (weapon)
 N - a +0 hand axe
Missiles
 k - 4 throwing nets
 n - 14 boomerangs
 P - 10 poisoned darts
Armour
 c - the +3 pair of gloves of Too Many Cooks (worn) {rCorr Dex+5}
   (You found it on level 6 of the Dungeon)

   Dex+5:     It affects your dexterity (+5).
   rCorr:     It protects you from acid and corrosion.
 A - the +2 helmet "Byvuysal" (worn) {Int+2 SInv}
   (You found it on level 4 of the Dungeon)

   Int+2:     It affects your intelligence (+2).
   SInv:      It lets you see invisible.
 C - a +2 robe of resistance (worn)
Jewellery
 a - a ring of positive energy (left hand)
 x - an amulet of magic regeneration (around neck)
 I - an amulet of regeneration
 L - a ring of positive energy (right hand)
 O - a ring of resist corrosion
Talismans
 p - a serpent talisman
Wands
 q - a wand of paralysis (4)
 B - a wand of light (9)
 H - a wand of iceblast (12)
 M - a wand of flame (7)
Scrolls
 e - 2 scrolls of enchant weapon
 h - 2 scrolls of teleportation
 i - 2 scrolls of enchant armour
 l - a scroll of poison
 u - 3 scrolls of vulnerability
 y - 4 scrolls of noise {unknown}
 z - 2 scrolls of amnesia
 E - 2 scrolls of immolation
 G - 2 scrolls of silence {unknown}
 J - 4 scrolls of identify
 K - 2 scrolls of brand weapon {unknown}
Potions
 b - 4 potions of magic
 f - a potion of cancellation {unknown}
 g - a potion of lignification {unknown}
 j - 3 potions of enlightenment {unknown}
 m - 3 potions of curing {unknown}
 r - a potion of invisibility {unknown}
 s - 6 potions of heal wounds {unknown}
 t - 4 potions of attraction {unknown}
 v - a potion of brilliance {unknown}
 w - a potion of ambrosia {unknown}
 D - 2 potions of degeneration {unknown}
 Q - a potion of haste {unknown}
 R - a potion of berserk rage {unknown}


   Skills:
 - Level 1.5 Dodging
 - Level 2.4 Stealth
 + Level 12.3 Spellcasting
 + Level 2.9 Summonings
 * Level 16.1 Necromancy
 + Level 1.0 Evocations


You had 15 spell levels left.
You knew the following spells:

 Your Spells              Type           Power      Damage    Failure   Level
a - Necrotise             Necr           100%       1d9       0%          1
b - Vampiric Draining     Necr           69%        2d10      1%          3
c - Animate Dead          Necr           69%        N/A       1%          4
d - Cigotuvi's Dreadful   Necr/Alch/Air  70%        N/A       1%          2
e - Sublimation of Blood  Necr           69%        N/A       0%          2
f - Dispel Undead         Necr           69%        3d23      1%          4
g - Martyr's Knell        Necr/Summ      52%        N/A       1%          4

Your spell library contained the following spells:

 Spells                   Type           Power      Damage    Failure   Level
 Kiss of Death            Conj/Necr      100%       2d13      1%          1
 Summon Small Mammal      Summ           100%       N/A       1%          1
 Fugue of the Fallen      Necr           69%        N/A       1%          3
 Curse of Agony           Necr           69%        N/A       1%          5
 Call Imp                 Summ           50%        N/A       2%          2
 Call Canine Familiar     Summ           25%        N/A       4%          3
 Borgnjor's Vile Clutch   Necr/Erth      23%        N/A       5%          5
 Summon Ice Beast         Ice/Summ       19%        N/A       9%          3
 Frozen Ramparts          Ice            24%        1d4       16%         3
 Ozocubu's Armour         Ice            12%        N/A       16%         3
 Sigil of Binding         Hex            12%        N/A       16%         3
 Swiftness                Air            12%        N/A       16%         3
 Summon Lightning Spire   Summ/Air       19%        N/A       28%         4
 Brom's Barrelling Bould  Conj/Erth      12%        2d4       45%         4
 Dimensional Bullseye     Hex/Tloc       6%         N/A       45%         4
 Ignite Poison            Fire/Alch      12%        N/A       45%         4
 Leda's Liquefaction      Alch/Erth      6%         N/A       45%         4
 Manifold Assault         Tloc           12%        N/A       45%         4
 Petrify                  Alch/Erth      12%        N/A       45%         4
 Fireball                 Conj/Fire      6%         3d5       80%         5
 Freezing Cloud           Conj/Ice/Air   6%         6-21      80%         5
 Iskenderun's Battlesphe  Conj           12%        2d7       80%         5
 Lee's Rapid Deconstruct  Erth           6%         3d6*      80%         5
 Metabolic Englaciation   Hex/Ice        6%         N/A       80%         5
 Bombard                  Conj/Erth      6%         9d2       100%        6
 Conjure Ball Lightning   Conj/Air       6%         3x3d6     100%        6
 Plasma Beam              Fire/Air       6%         2x1d16    100%        6
 Monstrous Menagerie      Summ           12%        N/A       100%        7
 Orb of Destruction       Conj           6%         9d6       100%        7
 Summon Hydra             Summ           12%        N/A       100%        7


Dungeon Overview and Level Annotations

Branches:
Dungeon (10/15)            Temple (1/1) D:4            Lair (4/5) D:8
 Spider (0/4) Lair:3          Orc (0/2) D:9
  Swamp: Lair:2-3    Shoals: Lair:2-3     Slime: Lair:4-5

Altars:
Ashenzari
Cheibriados
Dithmenos
Elyvilon
Fedhas
Gozag
Hepliaklqana
Kikubaaqudgha
Makhleb
Nemelex Xobeh
Okawaru
Qazlal
Ru
Sif Muna
Trog
Uskayaw
Vehumet
Wu Jian
Xom
Yredelemnul
Zin
The Shining One

Shops:
D:6 (

Annotations:
D:7 Jeremiah
D:8 1 transporter, TheBioAlchemist's ghost, novice OpSh
Temple 4 transporters
Lair:2 Maggie
Lair:3 Amaemon; Nergalle


Innate Abilities, Weirdness & Mutations

You have razor-sharp teeth.
Your natural rate of healing is unusually fast.
When hurt, damage is shared between your health and your magic reserves.
Your bite disrupts and absorbs the magic of your enemies.
Potions cannot restore your health.


Message History

Confirm with . or Enter, or press ? or * to list all spells.
Aiming: Vampiric Draining (safe; 1% risk of failure)
Press: ? - help, Shift-Dir - straight line, f - cane toad
Aim: a cane toad (moderately wounded)
You draw life force from the cane toad!
You feel life coursing into your body. The cane toad stings you!!
You are poisoned.
The cane toad poisons you!
Casting: Vampiric Draining (safe; 1% risk of failure)
Confirm with . or Enter, or press ? or * to list all spells.
Aiming: Vampiric Draining (safe; 1% risk of failure)
Press: ? - help, Shift-Dir - straight line, f/p - cane toad
Aim: a cane toad (heavily wounded, ally target)
You draw life force from the cane toad!
You feel life coursing into your body.
You feel very sick.
The cane toad stings you but does no damage.
The cane toad stings you!
Casting: Vampiric Draining (safe; 1% risk of failure)
Confirm with . or Enter, or press ? or * to list all spells.
You don't have enough magic to cast this spell.
Unknown command.
Casting: Vampiric Draining (safe; 1% risk of failure)
Confirm with . or Enter, or press ? or * to list all spells.
Aiming: Necrotise (safe; 0% risk of failure)
Press: ? - help, Shift-Dir - straight line, f/p - cane toad
Aim: a cane toad (almost dead, ally target, chance to affect: 83%)
The cane toad barely resists.
You feel very sick.
Your yak zombie closely misses the cane toad.
The cane toad stings you.
You are more poisoned.
The cane toad poisons you!
You hit the cane toad but do no damage.
The cane toad is almost dead.
Your reaping aura is weakening.
* * * LOW HITPOINT WARNING * * *
You feel very sick. The cane toad stings you!!
You die...
Kikubaaqudgha rasps: "You have failed me!
Welcome... death!"

##...
##.P...#.
...
#........
..#
###..###.
##.#
#ZZ##..
#..#
##Z..##.
#..#
#.##.Z.####
#..#
#.....##
#.###..#
#.#...#
#....@#
#...#.P#
.......F#
##.....#
#.#.##..Z
........ #
#. #.##.
.##.P...##
# #. ##
..#.### ..
#. .# #. #h


You could see a cane toad (ally target), a wolf (wandering) and a friendly yak
zombie.

Vanquished Creatures
  A hydra (Lair:3)
  An ogre mage (D:10)
  3 skysharks
  A deep elf pyromancer (D:10)
  Pikel (D:9)
  2 elephants (Lair:2)
  A meliai (Lair:3)
  A black mamba (Lair:1)
  A cane toad (Lair:3)
  A rime drake (Lair:2)
  A komodo dragon (Lair:1)
  A troll (D:9)
  2 hornets
  Sigmund (D:4)
  A shadow (D:9)
  4 wyverns
  4 basilisks
  2 steam dragons (D:8)
  Edmund (D:4)
  Menkaure (D:4)
  An acid dragon (D:9)
  9 water moccasins
  3 black bears
  3 orc warriors
  2 centaurs (D:9)
  A phantom (D:3)
  2 kobold brigands (D:7)
  2 lemures (D:9)
  5 scorpions
  6 bullfrogs
  A gnoll sergeant (D:9)
  A wight (D:4)
  11 killer bees
  A howler monkey (D:10)
  2 electric eels (Lair:1)
  A bombardier beetle (D:5)
  A bullfrog zombie (Lair:1)
  A human zombie (D:4)
  A jelly (D:4)
  4 orc priests
  A scorpion zombie (D:4)
  7 iguanas
  6 orc wizards
  9 gnolls
  6 adders
  3 dart slugs
  A ribbon worm (D:2)
  33 orcs
  9 endoplasms
  A giant cockroach (D:1)
  4 goblins
  6 hobgoblins
  3 jackals (D:4)
  10 kobolds
  5 quokkas
  5 ball pythons
  A bat (D:1)
  6 frilled lizards
  8 rats
213 creatures vanquished.

Vanquished Creatures (collateral kills)
  6 elephants (Lair:2)
  4 cane toads
  A komodo dragon (Lair:2)
  A blink frog (Lair:4)
  A yak (Lair:3)
  3 water moccasins
  An ice beast (D:6)
  A sky beast (D:7)
  A wolf (Lair:4)
  A kobold brigand (D:7)
  7 bullfrogs
  A wight (D:8)
  An electric eel (Lair:1)
  A howler monkey (D:10)
  2 orc priests
  A gnoll bouda (D:10)
  A jelly (D:6)
  A gnoll (D:10)
  An adder (D:5)
  4 orcs
  9 kobolds (D:7)
  A ball python (D:1)
  A frilled lizard (D:2)
  A rat (D:3)
52 creatures vanquished.

Vanquished Creatures (others)
  2 skyshark zombies
  An elephant zombie (Lair:2)
  A rime drake zombie (Lair:2)
  2 wyvern zombies
  2 water moccasin zombies
  5 bullfrog zombies
  A black bear zombie (Lair:2)
  A steam dragon zombie (D:8)
  An iguana zombie (D:6)
  16 orc zombies
32 creatures vanquished.

Grand Total: 297 creatures vanquished

Notes
Turn   | Place    | Note
-------+----------+-------------------------------------------
     0 | D:1      | stipulation the Vine Stalker Necromancer began the quest
                  | for the Orb.
     0 | D:1      | Reached XP level 1. HP: 9/9 MP: 4/4
   266 | D:1      | Reached XP level 2. HP: 13/13 MP: 2/6
   734 | D:1      | Reached XP level 3. HP: 16/16 MP: 6/8
  2175 | D:3      | Reached XP level 4. HP: 21/21 MP: 8/10
  2218 | D:3      | You fall into a shaft and drop 3 floors!
  2224 | D:5      | Entered Level 5 of the Dungeon
  2265 | D:5      | Learned a level 3 spell: Vampiric Draining
  2270 | D:5      | Learned a level 4 spell: Animate Dead
  2362 | D:5      | Reached skill level 5 in Necromancy
  2362 | D:5      | Reached XP level 5. HP: 17/24 MP: 4/11
  2891 | D:4      | Found a basalt altar of Yredelemnul.
  2921 | D:4      | Reached XP level 6. HP: 21/28 MP: 10/13
  2958 | D:4      | Noticed Edmund
  3121 | D:5      | Reached skill level 6 in Necromancy
  3131 | D:5      | Reached skill level 5 in Spellcasting
  3327 | D:5      | Noticed a black bear
  3735 | D:4      | Noticed a black bear
  3794 | D:3      | Reached XP level 7. HP: 19/32 MP: 7/16
  4266 | D:3      | Found a faded altar of an unknown god.
  4558 | D:3      | Found a broken altar of Ashenzari.
  4874 | D:3      | Found a hide-covered altar of Uskayaw.
  4874 | D:3      | Found a faded altar of an unknown god.
  4881 | D:3      | Found a glowing golden altar of the Shining One.
  4889 | D:3      | Found a faded altar of an unknown god.
  4891 | D:3      | Found an iron altar of Okawaru.
  5353 | D:4      | Found a staircase to the Ecumenical Temple.
  5402 | Temple   | Found a transporter.
  5402 | Temple   | Found a transporter.
  5402 | Temple   | Found a transporter.
  5402 | Temple   | Found a transporter.
  5402 | Temple   | Entered the Ecumenical Temple
  5420 | Temple   | Became a worshipper of Kikubaaqudgha
  5449 | D:4      | Noticed Menkaure
  5828 | D:5      | Reached skill level 7 in Necromancy
  5900 | D:5      | Learned a level 2 spell: Cigotuvi's Dreadful Rot
  5903 | D:5      | Learned a level 2 spell: Sublimation of Blood
  6076 | D:6      | Found Uhuf's Antique Weapon Emporium.
  6103 | D:6      | Gained mutation: You have razor-sharp teeth. [Vine Stalker
                  | growth]
  6103 | D:6      | Reached XP level 8. HP: 14/36 MP: 1/18
  6377 | D:6      | Reached skill level 8 in Necromancy
  6674 | D:6      | Identified the +3 pair of gloves of Too Many Cooks {rCorr
                  | Dex+5}
  6945 | D:6      | Found Uhuf's Antique Weapon Emporium.
  7233 | D:4      | Killed Edmund
  7483 | D:4      | Killed Menkaure
  7715 | D:4      | Reached skill level 9 in Necromancy
  7792 | D:4      | Identified the +2 helmet "Byvuysal" {Int+2 SInv}
  8008 | D:4      | Noticed Sigmund
  8016 | D:4      | Killed Sigmund
  8017 | D:4      | Reached XP level 9. HP: 39/39 MP: 17/21
  8373 | D:7      | Reached * piety under Kikubaaqudgha
  8373 | D:7      | Received a gift from Kikubaaqudgha
  8411 | D:7      | Reached skill level 10 in Necromancy
  9018 | D:7      | Noticed Jeremiah
  9410 | D:8      | Reached skill level 11 in Necromancy
  9445 | D:8      | Noticed an elephant
  9485 | D:8      | Reached XP level 10. HP: 44/44 MP: 10/24
  9696 | D:8      | Reached ** piety under Kikubaaqudgha
 10176 | D:8      | Found a transporter.
 10176 | D:8      | Identified the +7 dire flail of the Crawling Thing {flame,
                  | rPois Stlth+}
 10176 | D:8      | Noticed a two-headed ogre
 10176 | D:8      | Noticed TheBioAlchemist's ghost (novice OpSh)
 10371 | D:8      | Paralysed by a hornet for 3 turns
 10376 | D:8      | Reached skill level 12 in Necromancy
 10527 | D:8      | Found a staircase to the Lair.
 11379 | D:9      | Found a staircase to the Orcish Mines.
 12073 | D:9      | Noticed Pikel
 12114 | D:9      | Killed Pikel
 12507 | D:10     | Entered Level 10 of the Dungeon
 12572 | D:10     | Reached skill level 10 in Spellcasting
 12633 | D:10     | Reached skill level 13 in Necromancy
 13239 | D:10     | Noticed an ogre mage
 13255 | D:10     | Paralysed by an ogre mage for 2 turns
 13270 | D:10     | Killed an ogre mage
 13271 | D:10     | Reached XP level 11. HP: 47/47 MP: 3/26
 13315 | D:10     | Noticed a deep elf pyromancer
 13325 | D:10     | Killed a deep elf pyromancer
 13377 | D:10     | Got Sif Muna's Handbook of the Sixfirhy
 13426 | D:10     | Noticed a cyclops
 13543 | D:10     | Noticed a death knight
 13837 | Lair:1   | Entered Level 1 of the Lair of Beasts
 14017 | Lair:1   | Reached *** piety under Kikubaaqudgha
 14017 | Lair:1   | Received a gift from Kikubaaqudgha
 14410 | Lair:1   | Reached skill level 14 in Necromancy
 14552 | Lair:1   | Got the Book of the Throng
 15245 | Lair:2   | Learned a level 4 spell: Dispel Undead
 15246 | Lair:2   | Noticed a boulder beetle
 15247 | Lair:2   | Noticed Maggie
 15470 | Lair:2   | Reached skill level 15 in Necromancy
 15846 | Lair:2   | You fall into a shaft and drop 2 floors!
 15921 | Lair:3   | Noticed Amaemon
 15923 | Lair:4   | Noticed a skyshark
 15940 | Lair:4   | Noticed a death yak
 15942 | Lair:4   | Noticed a death yak
 15944 | Lair:4   | Noticed a death yak
 15944 | Lair:4   | Noticed a death yak
 15946 | Lair:4   | Noticed a death yak
 15948 | Lair:4   | Noticed an eight-headed hydra
 15954 | Lair:4   | Noticed a death yak
 15979 | Lair:4   | Reached XP level 12. HP: 46/47 MP: 13/28
 15987 | Lair:4   | Killed a skyshark
 16122 | Lair:4   | Learned a level 4 spell: Martyr's Knell
 16191 | Lair:4   | Reached skill level 1 in Summonings
 16347 | Lair:3   | Noticed a skyshark
 16359 | Lair:3   | Killed a skyshark
 16428 | Lair:3   | Noticed Nergalle
 16459 | Lair:3   | Found a hole to the Spider Nest.
 16506 | Lair:3   | Noticed an eight-headed hydra
 16512 | Lair:3   | Killed an eight-headed hydra
 16513 | Lair:3   | Reached skill level 16 in Necromancy
 16518 | Lair:3   | Noticed a skyshark
 16525 | Lair:3   | Killed a skyshark
 16546 | Lair:3   | Reached skill level 1 in Evocations
 16562 | Lair:3   | Slain by a cane toad

Illustrated notes

Levels and vault maps discovered:
D:1:      minmay_arrival_up_and_down, layout_loops_corners
D:2:      layout_loops_ring, minmay_hedge_maze
D:3:      layout_basic, lemuel_coloured_pillars_altar,
          chequers_temple_overflow_minitemple,
          dreamdust_ecumenical_altar_angels_and_demons, serial_bayou_lagoon_a
D:4:      layout_rooms, lemuel_mausoleum_altar_yredelemnul,
          minmay_temple_entry_offerings, uniq_menkaure, uniq_edmund,
          uniq_sigmund
D:5:      layout_basic
D:6:      layout_cave_pools, serial_shops, nicolae_shop_statue_plus
D:7:      layout_gridville, uniq_jeremiah
D:8:      minmay_angry_zag, layout_basic, david_lair_generic,
          gammafunk_ghost_smash
D:9:      layout_long_grid, orc_0_dummy, minmay_misc_feat_encased, uniq_pikel
D:10:     layout_irregular_city, minmay_diamond_spiral
Temple:   hellmonk_temple_divided_pantheon
Lair:1:   layout_regular_city, chequers_serial_rivers_room_a,
          serial_bayou_shore_a, serial_bayou_shore_b,
          infiniplex_staircase_pool_2
Lair:2:   layout_regular_city, uniq_maggie
Lair:3:   layout_loops_ring, mainiacjoe_swamp_entry_lozenge_pond,
          hellmonk_spider_entry_not_the_bees, roderic_batcave,
          lemuel_fruit_tree, uniq_amaemon, uniq_nergalle
Lair:4:   layout_layer_cave, eino_house_with_fridge

Skill      XL: |  1  2  3  4  5  6  7  8  9 10 11 12 |
---------------+-------------------------------------+-----
Spellcasting   | 3 4 5 6 7 9 10 11 12 | 12.3
Necromancy     | 5 6 7 9 11 13 15 16 | 16.1
Summonings     | 2 |  2.9
Evocations     | 1 |  1.0
Dodging        | |  1.5
Stealth        | |  2.4

Action                     |  1- 3 |  4- 6 |  7- 9 | 10-12 || total
---------------------------+-------+-------+-------+-------++-------
  Melee: Unarmed           |     9 |       |       |       ||     9
         Bite              |     5 |    30 |    49 |    45 ||   129
         Dagger            |     6 |    73 |   112 |    95 ||   286
         Punch             |     1 |     3 |     2 |     3 ||     9
   Cast: Necrotise         |    76 |    64 |   106 |   111 ||   357
         Vampiric Draining |       |       |    53 |   176 ||   229
         Animate Dead      |       |       |     4 |    11 ||    15
         Cigotuvi's Dreadf |       |       |       |     7 ||     7
         Sublimation of Bl |       |       |       |     1 ||     1
         Martyr's Knell    |       |       |       |     6 ||     6
         Dispel Undead     |       |       |       |     2 ||     2
  Evoke: Wand              |       |       |     3 |     4 ||     7
    Use: Scroll            |       |       |     9 |    11 ||    20
   Stab: Sleeping          |       |       |     2 |     1 ||     3
         Distracted        |       |       |     1 |     1 ||     2
         Paralysed         |       |       |     2 |     3 ||     5
 Armour: Robe              |    13 |    52 |   132 |   294 ||   491
  Dodge: Dodged            |    11 |    31 |   105 |   214 ||   361
